 Dungeon Crawl Stone Soup version 0.28-a0-425-gd0eccab798 (webtiles) character file.

Game seed: 309414334697839868

278 Dittersdorf the Skirmisher (level 6, -1/40 HPs)
             Began as a Gargoyle Fighter on Sept 9, 2021.
             Slain by a wight (10 damage)
             ... on level 6 of the Dungeon.
             The game lasted 00:04:11 (4280 turns).

Dittersdorf the Skirmisher (Gargoyle Fighter)       Turns: 4280, Time: 00:04:12

Health: -1/40      AC: 14    Str: 22    XL:     6   Next: 26%
Magic:  6/6        EV:  9    Int: 11    God:
Gold:   122        SH:  4    Dex:  9    Spells: 5/5 levels left

rFire   . . .      SeeInvis .   a - +0 flail
rCold   . . .      Faith    .   c - +0 buckler
rNeg    + . .      Spirit   .   b - +0 scale mail
rPois   ∞          Reflect  .   l - +2 helmet {Int+3}
rElec   +          Harm     .   (no cloak)
rCorr   +          Rampage  .   (no gloves)
Will    .....                   (no boots)
Stlth   ..........              (no amulet)
HPRegen 0.13/turn               p - ring of resist corrosion
MPRegen 0.10/turn               (no ring)

@: mighty
A: sickness immunity, AC +4, negative energy resistance 1, electricity
resistance, torment resistance 1, petrification resistance
a: no special abilities


You were on level 6 of the Dungeon.
You visited 1 branch of the dungeon, and saw 5 of its levels.

You collected 122 gold pieces.

Inventory:

Hand Weapons
 a - a +0 flail (weapon)
Armour
 b - a +0 scale mail (worn)
 c - a +0 buckler (worn)
 l - a +2 helmet of intelligence (worn)
Jewellery
 p - a ring of resist corrosion (left hand)
Scrolls
 e - a scroll of blinking
 g - a scroll of noise {unknown}
 h - 4 scrolls of teleportation
 k - a scroll of enchant armour {unknown}
 m - a scroll of identify {unknown}
Potions
 i - a potion of degeneration {unknown}
 j - a potion of flight {unknown}
 q - a potion of attraction {unknown}
 r - a potion of curing {unknown}


   Skills:
 + Level 4.9 Fighting
 + Level 3.8 Maces & Flails
 + Level 4.8 Armour
 - Level 4.0 Shields


You had 5 spell levels left.
You didn't know any spells.
Your spell library was empty.

Dungeon Overview and Level Annotations

Branches:
Dungeon (4/15)
 Temple: D:4-7

Altars:


Innate Abilities, Weirdness & Mutations

You are immune to sickness and miasma.
Your stone body is resilient. (AC +4)
You are immune to poison.
You resist negative energy. (rN+)
You are resistant to electric shocks. (rElec)
You are resistant to unholy torment.
You are immune to petrification.


Message History

As you read the scroll labelled EHAFRA YKUACW, it crumbles to dust.
You assume a fearsome visage.
Nothing appears to happen.
It was a scroll of fear.
As you read the scroll labelled JUSITS OGERHORRI, it crumbles to dust.
You feel aware of your surroundings.
It was a scroll of magic mapping.
You fall into a shaft and drop 2 floors!
The shaft crumbles and collapses. 2 wights come into view.
A wight is wielding a +4 battleaxe of freezing and wearing a +2 robe of cold resistance.
Found 11 gold pieces.
Enter note: yay!
Sorry, you're not good enough to have a special ability.
Sorry, you're not good enough to have a special ability.
You feel very mighty all of a sudden.
You hit the wight.
The wight is moderately damaged.
You block the wight's attack. The wight barely misses you.
You block the wight's attack. The wight barely misses you.
You hit the wight.
The wight is heavily damaged.
The wight closely misses you.
The wight hits you with a +4 battleaxe of freezing.
The wight freezes you.
You sock the wight!
You destroy the wight!
You block the wight's attack.
You thump the wight!
The wight is heavily damaged.
The wight closely misses you.
You closely miss the wight.
The wight is heavily damaged.
The wight hits you with a +4 halberd! The wight hits you but does no damage.
You barely miss the wight.
The wight is heavily damaged.
The wight hits you with a +4 halberd!
* * * LOW HITPOINT WARNING * * *
You closely miss the wight.
The wight is heavily damaged.
The wight hits you with a +4 halberd!
You die...

########
#......#
#)...$.#
#.@z...#
####...#
...#
...#
z..#
...# .#


You could see a wight.

Vanquished Creatures
  A wight (D:6)
  A hound (D:2)
  An orc priest (D:3)
  2 orc wizards
  A hound skeleton (D:2)
  Robin (D:2)
  4 adders (D:2)
  2 orcs
  9 ball pythons
  3 endoplasms
  2 giant cockroaches
  9 goblins
  9 hobgoblins
  5 jackals
  2 quokkas (D:1)
  2 bats
  4 frilled lizards
  3 kobolds
  9 rats
70 creatures vanquished.

Notes
Turn   | Place    | Note
-------+----------+-------------------------------------------
     0 | D:1      | Dittersdorf the Gargoyle Fighter began the quest for the
                  | Orb.
     0 | D:1      | Reached XP level 1. HP: 14/14 MP: 1/1
   420 | D:1      | Reached XP level 2. HP: 16/19 MP: 2/2
  1552 | D:2      | Reached XP level 3. HP: 23/23 MP: 3/3
  1782 | D:2      | Noticed Robin
  1827 | D:2      | Killed Robin
  1831 | D:2      | Reached XP level 4. HP: 27/29 MP: 4/4
  2822 | D:2      | Reached XP level 5. HP: 26/33 MP: 5/5
  3302 | D:2      | HP: 1/34 [orc (6)]
  3613 | D:3      | Found a faded altar of an unknown god.
  3692 | D:3      | Reached XP level 6. HP: 36/39 MP: 6/6
  4265 | D:4      | You fall into a shaft and drop 2 floors!
  4266 | D:6      | yay!
  4280 | D:6      | Slain by a wight

Illustrated notes

########
#..@...#
#....$.#
#......#
####...#
...#
...#
zz.#
...#


Turn 4266 on D:6: yay!

Levels and vault maps discovered:
D:1:      shiori_shiawase, layout_basic, st_stairs_1, minmay_tromino_mix6
D:2:      layout_loops_corners, minivault_24, uniq_robin
D:3:      layout_basic, shapermc_ecumenical_altar_mp_highgroup
D:4:      wad_woods_pond, layout_basic, minmay_unequal
D:6:      layout_gridville, marbit_many_paths, uniq_sigmund

Skill      XL: |  1  2  3  4 |
---------------+-------------+-----
Fighting       | 4 |  4.9
Armour         | 4 |  4.8
Shields        | 4 |  4.0
Maces & Flails | 3 |  3.8

Action                   |  1- 3 |  4- 6 || total
-------------------------+-------+-------++-------
Melee: Flail             |   100 |   140 ||   240
  Use: Scroll            |       |     5 ||     5
       Potion            |       |     1 ||     1
Armor: Scale mail        |    45 |   112 ||   157
Dodge: Dodged            |    40 |    94 ||   134
Block: Buckler           |    25 |    42 ||    67

Table legend: (Time is in decaauts)
 A = Elapsed time spent in this place.
 B = Non-inter-level travel time spent in this place.
 C = Inter-level travel time spent in this place.
 D = Time resting spent in this place.
 E = Time spent auto-exploring this place.
 F = Levels seen in this place.
 G = Mean time per level.
                   A        B        C        D        E       F      G
               +--------+--------+--------+--------+--------+-----+--------+
         Total |   4350 |   4161 |    189 |   1037 |   2502 |   5 |  870.0 |
       Dungeon |   4350 |   4161 |    189 |   1037 |   2502 |   5 |  870.0 |
               +--------+--------+--------+--------+--------+-----+--------+

Top non-repeatable levels by time:
     D:2: 1864 daAuts
     D:1: 1575 daAuts
     D:3: 843 daAuts
     D:4: 50 daAuts
     D:6: 16 daAuts
